SL
BROOKLYN DODGERS @ SEATTLE AVIATORS
09/21/2028
 
TOP OF THE 1ST
Brooklyn Dodgers batting - Pitching for Seattle Aviators : RHP Roderick Rhodes
Pitching: RHP Roderick Rhodes
Batting: RHB Vincent Crane 0-0: Called Strike
0-1: Called Strike
0-2: Strikes out swinging
Batting: RHB Ulbert Sutkamp 0-0: Foul Ball, location: 2F
0-1: Foul Ball, location: 2F
0-2: Ball
1-2: Ball
2-2: Strikes out swinging
Batting: LHB Manuel Carmona 0-0: Called Strike
0-1: Ground out 4-3 (Groundball, 4)
Top of the 1st over - 0 run(s), 0 hit(s), 0 error(s), 0 left on base; Brooklyn 0 - Seattle 0
BOTTOM OF THE 1ST
Seattle Aviators batting - Pitching for Brooklyn Dodgers : RHP Brian Morris
Pitching: RHP Brian Morris
Batting: SHB Juan Torres 0-0: Ball
1-0: Called Strike
1-1: Foul Ball, location: 2F
1-2: SINGLE (Groundball, 34D)
Batting: RHB Anthony Johnston 0-0: Called Strike
0-1: Hit by Pitch
Juan Torres to second
Batting: LHB Kenny Webster 0-0: Called Strike
0-1: Called Strike
0-2: Strikes out swinging
Batting: LHB Jorge Mojica 0-0: Called Strike
0-1: Ball
1-1: Foul Ball, location: 2F
1-2: Strikes out looking
Batting: RHB Seon-keun Kim 0-0: Foul Ball, location: 2F
0-1: Ball
1-1: 3-RUN HOME RUN (Flyball, 8LXD), Distance : 426 ft
Batting: LHB Dong-jin Kim 0-0: Foul Ball, location: 2F
0-1: Swinging Strike
0-2: Ball
1-2: Foul Ball, location: 2F
1-2: Strikes out swinging
Bottom of the 1st over - 3 run(s), 2 hit(s), 0 error(s), 0 left on base; Brooklyn 0 - Seattle 3
TOP OF THE 2ND
Brooklyn Dodgers batting - Pitching for Seattle Aviators : RHP Roderick Rhodes
Batting: LHB Avon Barksdale 0-0: Ball
1-0: Called Strike
1-1: Swinging Strike
1-2: Ball
2-2: Strikes out swinging
Batting: LHB Mysterious Walker 0-0: Ball
1-0: Foul Ball, location: 2F
1-1: Foul Ball, location: 2F
1-2: Foul Ball, location: 2F
1-2: Strikes out swinging
Batting: SHB Juan Rivas 0-0: Ball
1-0: SINGLE (Flyball, 78M)
Batting: RHB Gustavo Mateo 0-0: Foul Ball, location: 2F
0-1: Swinging Strike
0-2: Ball
1-2: Foul Ball, location: 2F
1-2: Foul Ball, location: 2F
1-2: Ball
2-2: Fly out, F8 (Flyball, 89M)
Top of the 2nd over - 0 run(s), 1 hit(s), 0 error(s), 1 left on base; Brooklyn 0 - Seattle 3
BOTTOM OF THE 2ND
Seattle Aviators batting - Pitching for Brooklyn Dodgers : RHP Brian Morris
Batting: RHB John MacGregor 0-0: Ball
1-0: Fly out, F7 (Flyball, 7)
Batting: LHB Pedro Corona 0-0: Foul Ball, location: 2F
0-1: Ball
1-1: Called Strike
1-2: Ground out 4-3 (Groundball, 4)
Batting: LHB Vinski Prifti 0-0: Called Strike
0-1: SINGLE (Line Drive, 4M)
Batting: SHB Juan Torres 0-0: Ball
1-0: Ball
2-0: Ball
Wild Pitch!
Vinski Prifti to second
3-0: Called Strike
3-1: Foul Ball, location: 2F
3-2: Foul Ball, location: 2F
3-2: 2-RUN HOME RUN (Flyball, 9D), Distance : 336 ft
Batting: RHB Anthony Johnston 0-0: Ball
1-0: Fly out, F7 (Flyball, 78S)
Bottom of the 2nd over - 2 run(s), 2 hit(s), 0 error(s), 0 left on base; Brooklyn 0 - Seattle 5
TOP OF THE 3RD
Brooklyn Dodgers batting - Pitching for Seattle Aviators : RHP Roderick Rhodes
Batting: LHB Ki-tak Im 0-0: Called Strike
0-1: Foul Ball, location: 2F
0-2: Ball
1-2: Foul Ball, location: 2F
1-2: Foul Ball, location: 2F
1-2: Ball
2-2: Ground out 3-1 (Groundball, 34)
Batting: RHB Gerald Clark 0-0: Ball
1-0: Foul Ball, location: 2F
1-1: Ball
2-1: SINGLE (Groundball, 5D)
Batting: RHB Vincent Crane 0-0: SINGLE (Groundball, 34D)
Gerald Clark to second
Runner from 2nd tries for 3rd, SAFE, throw made to third
Vincent Crane to second
Batting: RHB Ulbert Sutkamp 0-0: Called Strike
0-1: Ball
1-1: Fly out, F9 (Flyball, 9LM)
Batting: LHB Manuel Carmona 0-0: Ball
1-0: Ball
2-0: Called Strike
2-1: Ground out 6-3 (Groundball, 6)
Top of the 3rd over - 0 run(s), 2 hit(s), 0 error(s), 2 left on base; Brooklyn 0 - Seattle 5
BOTTOM OF THE 3RD
Seattle Aviators batting - Pitching for Brooklyn Dodgers : RHP Brian Morris
Batting: LHB Kenny Webster 0-0: Ball
1-0: Foul Ball, location: 2F
1-1: Fly out, F8 (Flyball, 8LXD)
Batting: LHB Jorge Mojica 0-0: Fly out, F8 (Flyball, 8LS)
Batting: RHB Seon-keun Kim 0-0: Ball
1-0: Foul Ball, location: 2F
1-1: Ball
2-1: Called Strike
2-2: Ball
3-2: Ground out 1-3 (Groundball, P)
Bottom of the 3rd over - 0 run(s), 0 hit(s), 0 error(s), 0 left on base; Brooklyn 0 - Seattle 5
TOP OF THE 4TH
Brooklyn Dodgers batting - Pitching for Seattle Aviators : RHP Roderick Rhodes
Batting: LHB Avon Barksdale 0-0: Ball
1-0: Ball
2-0: Called Strike
2-1: Foul Ball, location: 2F
2-2: Foul Ball, location: 2F
2-2: DOUBLE (Flyball, 9LM)
Batting: LHB Mysterious Walker 0-0: Fly out, F9 (Flyball, 9LM)
Batting: SHB Juan Rivas 0-0: Called Strike
0-1: Foul Ball, location: 2F
0-2: Ball
1-2: Ball
2-2: Ground out 3-1 (Groundball, 34)
Avon Barksdale to third
Batting: RHB Gustavo Mateo 0-0: Ball
1-0: Ball
2-0: Ball
3-0: Called Strike
3-1: Fly out, F8 (Flyball, 78D)
Top of the 4th over - 0 run(s), 1 hit(s), 0 error(s), 1 left on base; Brooklyn 0 - Seattle 5
BOTTOM OF THE 4TH
Seattle Aviators batting - Pitching for Brooklyn Dodgers : RHP Brian Morris
Batting: LHB Dong-jin Kim 0-0: Ball
1-0: Fly out, F8 (Line Drive, 8LD)
Batting: RHB John MacGregor 0-0: Ball
1-0: Ball
2-0: Foul Ball, location: 2F
2-1: Ground out 5-3 (Groundball, 5S)
Batting: LHB Pedro Corona 0-0: SINGLE (Line Drive, 8LS)
Batting: LHB Vinski Prifti 0-0: Ball
1-0: Called Strike
1-1: Fielders Choice at 2nd, 4-6 (Groundball, 4)
Bottom of the 4th over - 0 run(s), 1 hit(s), 0 error(s), 0 left on base; Brooklyn 0 - Seattle 5
TOP OF THE 5TH
Brooklyn Dodgers batting - Pitching for Seattle Aviators : RHP Roderick Rhodes
Batting: LHB Ki-tak Im 0-0: Foul Ball, location: 2F
0-1: SINGLE (Groundball, 34D)
Batting: RHB Gerald Clark 0-0: Called Strike
0-1: Grounds into double play, 1-4-3 (Groundball, 15S)
Batting: RHB Vincent Crane 0-0: Called Strike
0-1: Called Strike
0-2: Foul Ball, location: 2F
0-2: Ball
1-2: Strikes out swinging
Top of the 5th over - 0 run(s), 1 hit(s), 0 error(s), 0 left on base; Brooklyn 0 - Seattle 5
BOTTOM OF THE 5TH
Seattle Aviators batting - Pitching for Brooklyn Dodgers : RHP Brian Morris
Batting: SHB Juan Torres 0-0: Called Strike
0-1: Fly out, F8 (Flyball, 8LM)
Batting: RHB Anthony Johnston 0-0: Ball
1-0: Ball
2-0: Fly out, F9 (Flyball, 9LSF)
Batting: LHB Kenny Webster 0-0: Foul Ball, location: 2F
0-1: Ball
1-1: Called Strike
1-2: Foul Ball, location: 2F
1-2: Ball
2-2: Ball
3-2: Base on Balls
Batting: LHB Jorge Mojica 0-0: Swinging Strike
0-1: Ball
1-1: Swinging Strike
1-2: Foul Ball, location: 2F
1-2: Strikes out looking
Bottom of the 5th over - 0 run(s), 0 hit(s), 0 error(s), 1 left on base; Brooklyn 0 - Seattle 5
TOP OF THE 6TH
Brooklyn Dodgers batting - Pitching for Seattle Aviators : RHP Roderick Rhodes
Batting: RHB Ulbert Sutkamp 0-0: Swinging Strike
0-1: Ball
1-1: Called Strike
1-2: Ball
2-2: Strikes out looking
Batting: LHB Manuel Carmona 0-0: Ball
1-0: Swinging Strike
1-1: Fly out, F3 (Popup, 34)
Batting: LHB Avon Barksdale 0-0: Ball
1-0: Foul Ball, location: 2F
1-1: Foul Ball, location: 2F
1-2: Ground out 3-1 (Groundball, 34S)
Top of the 6th over - 0 run(s), 0 hit(s), 0 error(s), 0 left on base; Brooklyn 0 - Seattle 5
BOTTOM OF THE 6TH
Seattle Aviators batting - Pitching for Brooklyn Dodgers : RHP Brian Morris
Pitching: RHP Barry Jones
Batting: RHB Seon-keun Kim 0-0: Ground out 6-3 (Groundball, 6)
Batting: LHB Dong-jin Kim 0-0: Ball
1-0: Ball
2-0: Ball
3-0: Base on Balls
Batting: RHB John MacGregor 0-0: Called Strike
0-1: Ball
1-1: Ball
Wild Pitch!
Dong-jin Kim to second
2-1: Ground out 6-3 (Groundball, 6S)
Dong-jin Kim to third
Batting: LHB Pedro Corona 0-0: Ball
1-0: Foul Ball, location: 2F
1-1: Swinging Strike
1-2: Ground out 1-3 (Groundball, P)
Bottom of the 6th over - 0 run(s), 0 hit(s), 0 error(s), 1 left on base; Brooklyn 0 - Seattle 5
TOP OF THE 7TH
Brooklyn Dodgers batting - Pitching for Seattle Aviators : RHP Roderick Rhodes
Batting: LHB Mysterious Walker 0-0: Ground out U3 (Groundball, 34)
Batting: SHB Juan Rivas 0-0: Ball
1-0: Fly out, F8 (Line Drive, 8RD)
Batting: RHB Gustavo Mateo 0-0: Ball
1-0: Ball
2-0: Ball
3-0: Base on Balls
Batting: LHB Ki-tak Im 0-0: Ball
1-0: Ball
2-0: Ground out U3 (Groundball, 3)
Top of the 7th over - 0 run(s), 0 hit(s), 0 error(s), 1 left on base; Brooklyn 0 - Seattle 5
BOTTOM OF THE 7TH
Seattle Aviators batting - Pitching for Brooklyn Dodgers : RHP Barry Jones
Batting: LHB Vinski Prifti 0-0: Ball
1-0: Ball
2-0: Called Strike
2-1: Foul Ball, location: 2F
2-2: Foul Ball, location: 2F
2-2: Foul Ball, location: 2F
2-2: Ball
3-2: Base on Balls
Batting: SHB Juan Torres 0-0: Ball
1-0: Ball
2-0: Called Strike
2-1: Foul Ball, location: 2F
2-2: Strikes out swinging
Batting: RHB Anthony Johnston 0-0: Called Strike
0-1: Foul Ball, location: 2F
0-2: Ground out 5-3 (Groundball, 5S)
Vinski Prifti to second
Batting: LHB Kenny Webster 0-0: Called Strike
0-1: Ball
Vinski Prifti steals 3rd base
1-1: Fly out, F8 (Flyball, 8RD)
Bottom of the 7th over - 0 run(s), 0 hit(s), 0 error(s), 1 left on base; Brooklyn 0 - Seattle 5
TOP OF THE 8TH
Brooklyn Dodgers batting - Pitching for Seattle Aviators : RHP Roderick Rhodes
Now in CF: Jay Parker
Batting: RHB Gerald Clark 0-0: Called Strike
0-1: Ball
1-1: Fly out, F8 (Flyball, 78M)
Batting: RHB Vincent Crane 0-0: Called Strike
0-1: Called Strike
0-2: Foul Ball, location: 2F
0-2: Foul Ball, location: 2F
0-2: Ground out 1-3 (Groundball, P)
Batting: RHB Ulbert Sutkamp 0-0: Ball
1-0: Foul Ball, location: 2F
1-1: Called Strike
1-2: Strikes out looking
Top of the 8th over - 0 run(s), 0 hit(s), 0 error(s), 0 left on base; Brooklyn 0 - Seattle 5
BOTTOM OF THE 8TH
Seattle Aviators batting - Pitching for Brooklyn Dodgers : RHP Barry Jones
Batting: LHB Jorge Mojica 0-0: Called Strike
0-1: Foul Ball, location: 2F
0-2: Ground out 4-3 (Groundball, 4)
Pitching: RHP John Bailey
Batting: RHB Seon-keun Kim 0-0: Ball
1-0: Called Strike
1-1: Foul Ball, location: 2F
1-2: Fly out, F7 (Flyball, 7S)
Batting: LHB Dong-jin Kim 0-0: Ball
1-0: Foul Ball, location: 2F
1-1: Foul Ball, location: 2F
1-2: Foul Ball, location: 2F
1-2: Foul Ball, location: 2F
1-2: Foul Ball, location: 2F
1-2: Ball
2-2: Strikes out swinging
Bottom of the 8th over - 0 run(s), 0 hit(s), 0 error(s), 0 left on base; Brooklyn 0 - Seattle 5
TOP OF THE 9TH
Brooklyn Dodgers batting - Pitching for Seattle Aviators : RHP Roderick Rhodes
Pitching: LHP Yajirobei Otomo
Batting: LHB Manuel Carmona 0-0: Ball
1-0: SINGLE (Groundball, 56D)
Batting: LHB Avon Barksdale 0-0: Ball
1-0: Foul Ball, location: 2F
1-1: Foul Ball, location: 2F
1-2: Strikes out looking
Batting: LHB Mysterious Walker 0-0: Called Strike
0-1: Ball
1-1: Ball
2-1: Ball
3-1: Fielders Choice at 2nd, 6-4 (Groundball, 56D)
Batting: SHB Juan Rivas 0-0: Called Strike
0-1: Swinging Strike
0-2: Strikes out swinging
Top of the 9th over - 0 run(s), 1 hit(s), 0 error(s), 1 left on base; Brooklyn 0 - Seattle 5
Thursday, September 7th, 2017 - OOTP Baseball 17.12 Build 75